AoeStats
← stankms

Arabia

505148514Analyzed
4v4 RM · 26d ago on Sep 8, 2026· 33m 27s· 8 players
Game mode
Random Map
Map size
Large (8 player)
Population
200
Speed
Normal
Resources
Standard
Victory
Conquest
Starting age
Dark Age
Ending age
Imperial Age
RankedLock teamsTeams togetherTeam positionsShared explorationLock speedFull tech treeHidden civsTurbo modeCheats
Victory
Defeat
🇧🇷 Armenians · Brazil
1109
+13
🇧🇷 Mongols · Brazil
1107
+13
🇧🇷 Franks · Brazil
1041
+16
🇧🇷 Maya · Brazil
958
+18
🇺🇸 Spanish · United States
1040
-15
🇺🇸 Huns · United States
1036
-15
🇺🇸 Koreans · United States
1035
-15
🇺🇸 Franks · United States
1025
-15
Showbiz8624
2:48 Loom
12:50 Feudal Age
13:52 Double-Bit Axe
14:29 Horse Collar
15:28 Wheelbarrow
19:06 Fletching
23:07 Castle Age
23:58 Elite Skirmisher
27:00 Bow Saw
28:35 Hand Cart
29:09 Ballistics
28:55 Bodkin Arrow
TheRatPatrol785
2:19 Loom
15:00 Feudal Age
15:46 Town Watch
16:37 Wheelbarrow
16:55 Horse Collar
23:16 Double-Bit Axe
23:29 Gold Mining
26:24 Castle Age
26:39 Castle Age
27:33 Town Patrol
27:49 Hand Cart
27:49 Scale Barding Armor
27:55 Forging
27:35 Fletching
stankms
7:00 Loom
9:28 Feudal Age
10:00 Double-Bit Axe
11:25 Horse Collar
22:45 Castle Age
23:46 Bow Saw
philber
2:45 Loom
4:25 Loom
12:03 Feudal Age
17:26 Castle Age
22:16 Husbandry
26:03 Double-Bit Axe
29:11 Wheelbarrow
30:43 Hand Cart
RodrigoOBOMM
5:44 Loom
10:26 Feudal Age
17:07 Fletching
18:24 Double-Bit Axe
19:37 Scale Mail Armor
26:46 Castle Age
26:37 Town Watch
26:54 Crossbowman
30:47 Elite Skirmisher
31:35 Thumb Ring
Binda
12:24 Feudal Age
12:43 Loom
12:27 Man-at-Arms
14:22 Wheelbarrow
13:14 Long Swordsman
16:16 Arson
18:51 Town Watch
19:02 Horse Collar
20:05 Scale Mail Armor
20:16 Forging
22:13 Pikeman
23:30 Double-Bit Axe
29:11 Castle Age
27:58 Gold Mining
29:51 Gambesons
29:27 Two-Handed Swordsman
30:08 Squires
32:34 Gold Shaft Mining
32:10 Bow Saw
33:12 Heavy Plow
Krizao
0:26 Loom
11:03 Feudal Age
16:31 Castle Age
22:23 Scale Barding Armor
23:56 Forging
28:20 Husbandry
29:52 Wheelbarrow
34:08 Imperial Age
31:54 Double-Bit Axe
32:39 Hand Cart
32:09 Town Watch
34:16 Chain Barding Armor
kaisermaster
2:29 Loom
10:34 Feudal Age
14:10 Wheelbarrow
20:22 Castle Age
18:47 Scale Barding Armor
19:13 Forging
19:31 Bloodlines
19:48 Gold Mining
19:46 Double-Bit Axe
21:05 Husbandry
24:51 Horse Collar
27:20 Chain Barding Armor
27:36 Iron Casting
29:04 Hand Cart
Connection lost

Rejoining the realm…

Still unreachable

The connection could not be restored.

Session expired

The server has moved on; the page needs a fresh start.